 Dungeon Crawl Stone Soup version 0.22.1-1-ga44c0e56f4 (webtiles) character file.

55 Knicklaso the Cutter (level 4, 0/43 HPs)
             Began as a Halfling Warper on Sept 28, 2018.
             Slain by a kobold
             ... wielding a +0 club
              (1 damage)
             ... on level 2 of the Dungeon.
             The game lasted 00:06:23 (1450 turns).

Knicklaso the Cutter (Halfling Warper)              Turns: 1450, Time: 00:06:23

Health: 0/43       AC: 22    Str: 13    XL:     4   Next: 14%
Magic:  6/6        EV:  3    Int: 11    God:
Gold:   120        SH:  0    Dex: 13    Spells: 2/6 levels left

rFire    . . .     SeeInvis .   a - +0 short sword
rCold    . . .     Gourm    .   (shield restricted)
rNeg     + + +     Faith    .   (armour currently unavailable)
rPois    +         Spirit   .   (helmet currently unavailable)
rElec    .         Reflect  .   (cloak currently unavailable)
rCorr    .         Harm     .   (gloves currently unavailable)
MR       .....     NoTele   +   (boots currently unavailable)
Stlth    +.........             (no amulet)
HPRegen  0.14/turn              (no ring)
MPRegen  0.10/turn              (no ring)

@: tree-form, very slightly contaminated
A: small, mutation resistance 1
a: no special abilities


You were on level 2 of the Dungeon.
You were hungry.
You were a tree.
You visited 1 branch of the dungeon, and saw 3 of its levels.

You collected 120 gold pieces.

Inventory:

Hand Weapons
 a - a +0 short sword (weapon)
 j - a +1 whip of electrocution
Missiles
 e - 5 tomahawks of dispersal (quivered)
 i - 31 stones
 m - 13 poisoned needles
Armour
 c - a +0 ring mail (melded)
Jewellery
 p - an uncursed ring of flight
Scrolls
 b - a scroll of magic mapping
 l - a scroll of identify
 n - a scroll of teleportation {unknown}
Potions
 h - a potion of curing
 q - a potion of lignification
Comestibles
 f - 6 rations
 o - 4 chunks of flesh


   Skills:
 + Level 2.0 Fighting
 * Level 4.5 Short Blades
 - Level 1.0 Throwing
 - Level 1.1 Armour
 + Level 2.5 Dodging
 - Level 1.5 Spellcasting
 - Level 3.2 Translocations


You had 2 spell levels left.
You knew the following spells:

 Your Spells              Type           Power        Failure   Level  Hunger
a - Blink                 Tloc           N/A          12%         2    ###....
b - Shroud of Golubria    Chrm/Tloc      #.........   24%         2    ###....

Your spell library contained the following spells:

 Spells                   Type           Power        Failure   Level  Hunger
 Gell's Gravitas          Tloc           #.........   24%         3    ####...
 Lesser Beckoning         Tloc           #.........   24%         3    ####...
 Teleport Other           Tloc           #.......     24%         3    ####...
 Passage of Golubria      Tloc           N/A          61%         4    #####..


Dungeon Overview and Level Annotations

Branches:
Dungeon (3/15)

Altars:
Elyvilon
Nemelex Xobeh
Xom
Yredelemnul


Innate Abilities, Weirdness & Mutations

You are small and have problems with some larger weapons.
You are somewhat resistant to further mutation.


Message History

The scroll dissolves into smoke.
It was a scroll of fog.
The bat closely misses you. The kobold barely misses you.
The hobgoblin hits you but does no damage.
The bat hits you.
* * * LOW HITPOINT WARNING * * *
The kobold barely misses you. The hobgoblin hits you.
* * * LOW HITPOINT WARNING * * *
You climb upwards.
The hobgoblin hits you but does no damage.
The goblin closely misses you. The hobgoblin completely misses you.
The goblin barely misses you.
There is a stone staircase leading down here.
As you read the scroll labeled HUBLU PASI, it crumbles to dust.
You feel blessed for a moment.
It was a scroll of remove curse.
The kobold completely misses you. The goblin closely misses you.
The hobgoblin closely misses you.
It was a potion of lignification.
You turn into a tree.
Your +0 ring mail melds into your body.
Your roots penetrate the ground.
The kobold hits you with a club.
You die...

#.##....(...###
#.##.#...#..#.##
#.##...........#
#.#######.#.#.######
#. #(#.#........
#.#g..#######
######.#r#.#
.......ggg#.####
######..K♣#...g#
#.#######g# #.
#g†<(# ## #.#### #.
.. ... #.gg #..g


You could see a quokka, 2 hobgoblins, 2 goblins and a kobold.

Vanquished Creatures
  Jessica (D:2)
  An ooze (D:1)
  A dart slug (D:2)
  A leopard gecko (D:1)
  A ball python (D:1)
  3 bats (D:1)
  3 goblins
  3 hobgoblins
  4 jackals
  A rat (D:2)
19 creatures vanquished.

Vanquished Creatures (others)
  2 plants (D:2)
2 creatures vanquished.

Grand Total: 21 creatures vanquished

Notes
Turn   | Place    | Note
-------+----------+-------------------------------------------
     0 | D:1      | Knicklaso the Halfling Warper began the quest for the Orb.
     0 | D:1      | Reached XP level 1. HP: 14/14 MP: 3/3
   157 | D:1      | Reached skill level 3 in Short Blades
   189 | D:1      | Reached XP level 2. HP: 15/19 MP: 4/4
   480 | D:1      | Found a sparkling altar of Nemelex Xobeh.
   665 | D:2      | Reached skill level 4 in Short Blades
   665 | D:2      | Reached XP level 3. HP: 17/24 MP: 5/5
   790 | D:2      | Found a shimmering altar of Xom.
   833 | D:2      | Found a basalt altar of Yredelemnul.
   888 | D:2      | Found a white marble altar of Elyvilon.
   958 | D:2      | Noticed Jessica
  1219 | D:2      | Killed Jessica
  1219 | D:2      | Reached XP level 4. HP: 19/29 MP: 6/6
  1332 | D:2      | Learned a level 2 spell: Blink
  1335 | D:2      | Learned a level 2 spell: Shroud of Golubria
  1437 | D:2      | HP: 1/29 [hobgoblin/club[Robin] (4)]
  1447 | D:3      | HP: 1/29 [hobgoblin (4)]
  1450 | D:2      | Slain by a kobold

Skill      XL: |  1  2  3 |
---------------+----------+-----
Short Blades   | 3 4 |  4.5
Fighting       | 2 |  2.0
Throwing       | |  1.0
Armour         | |  1.1
Dodging        | |  2.5
Spellcasting   | |  1.5
Translocations | |  3.2

Action                   |  1- 3 |  4- 6 || total
-------------------------+-------+-------++-------
Melee: Short sword       |    90 |    19 ||   109
  Use: Scroll            |       |     5 ||     5
       Potion            |       |     2 ||     2
  Eat: Chunk             |     1 |       ||     1
Armor: Ring mail         |    38 |    11 ||    49
Dodge: Dodged            |    90 |    29 ||   119
